 Dungeon Crawl Stone Soup version 0.23.2-40-g277498a001 (webtiles) character file.

Game seed: 12014829042532586096

5617 scimitardk the Spear-Bearer (level 10, -5/88 HPs)
             Began as a Hill Orc Fighter on Oct 8, 2019.
             Was a High Priest of Okawaru.
             Slain by Snorg (10 damage)
             ... on level 10 of the Dungeon.
             The game lasted 01:44:00 (14235 turns).

scimitardk the Spear-Bearer (Hill Orc Fighter)     Turns: 14235, Time: 01:44:01

Health: -5/88      AC: 14    Str: 23    XL:     10   Next: 73%
Magic:  0/10       EV:  8    Int:  8    God:    Okawaru [*****.]
Gold:   423        SH: 11    Dex: 10    Spells: 9/9 levels left

rFire    . . .     SeeInvis +   I - +1 trident (venom)
rCold    . . .     Gourm    .   A - +0 shield
rNeg     . . .     Faith    .   E - +0 scale mail
rPois    .         Spirit   +   M - +2 helmet
rElec    .         Reflect  .   y - +0 cloak
rCorr    .         Harm     .   (no gloves)
MR       .....                  v - +0 pair of boots
Stlth    ..........             e - amulet of guardian spirit
HPRegen  0.24/turn              r - ring of see invisible
MPRegen  0.12/turn              (no ring)

@: no status effects
A: no striking features
a: Heroism, Finesse, Renounce Religion


You were on level 10 of the Dungeon.
You worshipped Okawaru.
Okawaru was extremely pleased with you.
You were not hungry.

You visited 2 branches of the dungeon, and saw 11 of its levels.
You also visited: Sewer.

You collected 423 gold pieces.

Inventory:

Hand Weapons
 q - a +1 spear of flaming
 B - a +5 dire flail of holy wrath
 I - a +1 trident of venom (weapon)
 L - a +2 vampiric halberd
Missiles
 o - 53 poisoned needles
Armour
 v - a +0 pair of boots (worn)
 y - a +0 cloak (worn)
 A - a +0 shield (worn)
 E - a +0 scale mail (worn)
 M - a +2 helmet (worn)
Jewellery
 e - an amulet of guardian spirit (around neck)
 r - a ring of see invisible (left hand)
Wands
 a - a wand of digging (7)
 t - a wand of flame (17)
 G - a wand of acid (11)
 J - a wand of enslavement (13)
Scrolls
 b - 2 scrolls of random uselessness {unknown}
 g - 8 scrolls of teleportation
 h - a scroll of holy word {unknown}
 i - 3 scrolls of fog
 j - 2 scrolls of identify
 l - 2 scrolls of magic mapping
 m - 2 scrolls of fear
 w - a scroll of amnesia
 z - a scroll of immolation {unknown}
 D - a scroll of silence {unknown}
 F - 2 scrolls of enchant weapon {unknown}
 O - a scroll of remove curse
Potions
 c - 4 potions of resistance
 d - 4 potions of might
 k - 5 potions of flight
 n - 5 potions of curing
 p - a potion of agility
 s - 5 potions of heal wounds
 u - 3 potions of lignification
 x - a potion of degeneration {unknown}
 C - a potion of brilliance {unknown}
 K - 2 potions of cancellation {unknown}
 N - a potion of ambrosia {unknown}
Comestibles
 f - 14 rations


   Skills:
 + Level 7.6 Fighting
 * Level 12.5 Polearms
 + Level 8.0 Armour
 - Level 0.6 Stealth
 + Level 7.2 Shields


You had 9 spell levels left.
You didn't know any spells.
Your spell library contained the following spells:

 Spells                   Type           Power        Failure   Level  Hunger
 Animate Skeleton         Necr           N/A          95%         1    ##.....
 Magic Dart               Conj           #...         95%         1    ##.....
 Pain                     Necr           #...         95%         1    ##.....
 Sandblast                Erth           #.....       95%         1    ##.....
 Blink                    Tloc           N/A          99%         2    ###....
 Call Imp                 Summ           #.......     99%         2    ###....
 Passwall                 Tmut/Erth      #.......     99%         2    ###....
 Searing Ray              Conj           #.....       99%         2    ###....
 Slow                     Hex            #.......     99%         2    ###....
 Conjure Flame            Conj/Fire      #.......     100%        3    ####...
 Dazzling Spray           Conj/Hex       #.....       100%        3    ####...
 Mephitic Cloud           Conj/Pois/Air  #.......     100%        3    ####...
 Regeneration             Chrm/Necr      #.........   100%        3    ####...
 Stone Arrow              Conj/Erth      #.....       100%        3    ####...
 Vampiric Draining        Necr           #.........   100%        3    ####...
 Animate Dead             Necr           N/A          100%        4    #####..
 Force Lance              Conj/Tloc      #.......     100%        4    #####..
 Fulminant Prism          Conj/Hex       #.........   100%        4    #####..
 Iskenderun's Mystic Bla  Conj           #.......     100%        4    #####..
 Petrify                  Tmut/Erth      #.......     100%        4    #####..
 Lee's Rapid Deconstruct  Erth           #.........   100%        5    ######.


Dungeon Overview and Level Annotations

Branches:
Dungeon (10/15)            Temple (1/1) D:4            Lair (0/6) D:10
    Orc (0/2) D:10

Altars:
Ashenzari
Cheibriados
Dithmenos
Elyvilon
Fedhas
Gozag
Hepliaklqana
Kikubaaqudgha
Makhleb
Nemelex Xobeh
Okawaru
Qazlal
Ru
Sif Muna
Trog
Uskayaw
Vehumet
Wu Jian
Xom
Yredelemnul
Zin
The Shining One

Shops:
D:6 [   D:7 }([(}

Annotations:
D:10 Snorg


Message History

There is a stone staircase leading down here.
Snorg closely misses you. Snorg claws you. Snorg claws you but does no damage.
You block Snorg's attack. Snorg claws you. x2
You see here 24 stones.
Snorg rages.
You block Snorg's attack. Snorg claws you! Snorg misses you. Snorg bites you!!
Snorg closely misses you. You block Snorg's attack. Snorg bites you!
* * * LOW HITPOINT WARNING * * *
Snorg claws you!
* * * LOW HITPOINT WARNING * * *
Snorg claws you but does no damage.
You block Snorg's attack. x2; Snorg claws you but does no damage.
You block Snorg's attack. x2; Snorg claws you.
* * * LOW HITPOINT WARNING * * *
Snorg bites you but does no damage. Snorg claws you!
* * * LOW HITPOINT WARNING * * *
You block Snorg's attack. Snorg bites you but does no damage.
You block Snorg's attack. Snorg claws you!
You die...

................# #(##.#
..######'######.###.##.#
.## #......# #........#
## #.##.#.# #####.####
#####.##.#.## #.#
..).........## #.#
#####......#.## #.# #
#.#...###.#####.# #
#.##.## ##..@Th.# #
#.###.# #.####### # #..
..#.# ### ##.# ###


You could see Snorg (berserk) and a hound.

Vanquished Creatures
  3 hippogriffs
  A hungry ghost (D:10)
  Edmund (D:4)
  2 water moccasins (D:6)
  4 ice beasts
  A black bear (D:7)
  A necrophage (D:6)
  3 phantoms
  3 ogres
  3 sky beasts
  A wolf (D:9)
  3 orc warriors
  2 centaurs
  4 bullfrogs
  3 big kobolds
  A gnoll sergeant (D:7)
  2 scorpions
  A wyvern skeleton (D:10)
  3 killer bees (D:10)
  4 wights (D:7)
  5 electric eels (D:10)
  2 crimson imps
  3 howler monkeys
  A bullfrog zombie (D:10)
  A quasit (D:10)
  4 orc wizards
  Crazy Yiuf (D:3)
  6 hounds
  5 jellies
  5 orc priests
  2 iguanas (D:6)
  A bullfrog skeleton (D:9)
  Ijyb (D:3)
  Terence (D:3)
  5 worker ants
  A hound skeleton (D:5)
  A worker ant zombie (D:5)
  13 gnolls
  6 adders
  2 river rats (D:5)
  A shadow imp (D:4)
  9 oozes
  An adder zombie (D:5)
  6 adder skeletons
  7 worms
  3 dart slugs
  4 leopard geckos
  37 orcs
  4 ball pythons
  9 bats
  4 giant cockroaches
  8 goblins
  11 hobgoblins
  18 jackals
  4 quokkas
  7 frilled lizards
  25 kobolds
  A leopard gecko skeleton (D:5)
  A quokka skeleton (D:7)
  8 rats
280 creatures vanquished.

Notes
Turn   | Place    | Note
-------+----------+-------------------------------------------
     0 | D:1      | scimitardk the Hill Orc Fighter began the quest for the
                  | Orb.
     0 | D:1      | Reached XP level 1. HP: 19/19 MP: 1/1
   213 | D:1      | Reached XP level 2. HP: 27/27 MP: 2/2
   641 | D:1      | Reached XP level 3. HP: 33/33 MP: 3/3
   906 | D:2      | Reached skill level 3 in Polearms
  1219 | D:2      | Reached XP level 4. HP: 41/41 MP: 4/4
  1448 | D:2      | Found an iron altar of Okawaru.
  1459 | D:2      | Became a worshipper of Warmaster Okawaru
  1791 | D:2      | Reached skill level 4 in Polearms
  1791 | D:2      | Reached XP level 5. HP: 43/47 MP: 5/5
  2415 | D:3      | Noticed Terence
  2441 | D:3      | Killed Terence
  2738 | D:3      | Noticed Ijyb
  2776 | D:3      | Killed Ijyb
  2776 | D:3      | Reached skill level 5 in Polearms
  2776 | D:3      | Reached XP level 6. HP: 37/53 MP: 6/6
  3037 | D:3      | Found a runed translucent door.
  3038 | D:3      | Noticed Crazy Yiuf
  3344 | D:3      | Killed Crazy Yiuf
  3344 | D:3      | Reached * piety under Okawaru
  3537 | D:4      | Found a deep blue altar of Sif Muna.
  3683 | D:4      | Reached skill level 6 in Polearms
  3695 | D:4      | Reached XP level 7. HP: 46/60 MP: 4/7
  3843 | D:4      | Found a staircase to the Ecumenical Temple.
  3855 | Temple   | Entered the Ecumenical Temple
  4091 | D:4      | Reached skill level 5 in Fighting
  4374 | D:4      | Found a shadowy altar of Dithmenos.
  4438 | D:4      | Noticed Edmund
  4479 | D:4      | Killed Edmund
  4479 | D:4      | Reached skill level 7 in Polearms
  4763 | D:4      | Found a radiant altar of Vehumet.
  4840 | D:4      | Found a hazy altar of Hepliaklqana.
  4903 | D:5      | Entered Level 5 of the Dungeon
  5033 | D:5      | Found a glowing drain.
  5082 | Sewer    | Entered a sewer
  5395 | Sewer    | Reached skill level 5 in Armour
  5403 | Sewer    | Reached ** piety under Okawaru
  5403 | Sewer    | Reached XP level 8. HP: 54/68 MP: 8/8
  5496 | D:5      | Reached skill level 8 in Polearms
  5924 | D:5      | Reached skill level 9 in Polearms
  5924 | D:5      | Reached skill level 5 in Shields
  6077 | D:5      | Found a glowing golden altar of the Shining One.
  6639 | D:6      | Reached XP level 9. HP: 75/75 MP: 9/9
  6663 | D:6      | Reached *** piety under Okawaru
  6686 | D:6      | Reached skill level 10 in Polearms
  7924 | D:7      | Found Veyfadau's Gadget Emporium.
  7956 | D:7      | Found Nerru's Weapon Boutique.
  7957 | D:7      | Found Biemu's Antique Armour Boutique.
  8486 | D:7      | Found Ikhooghoin's Gadget Shop.
  9168 | D:7      | Found a bloodstained altar of Trog.
  9235 | D:7      | Reached **** piety under Okawaru
  9977 | D:7      | Found an ancient bone altar of Kikubaaqudgha.
  9977 | D:7      | Found a blossoming altar of Fedhas.
 10089 | D:7      | Found Fuho's Antique Weapon Boutique.
 10111 | D:8      | Reached skill level 11 in Polearms
 10463 | D:8      | Reached XP level 10. HP: 84/84 MP: 10/10
 10569 | D:8      | Found a blossoming altar of Fedhas.
 11238 | D:9      | Found a white marble altar of Elyvilon.
 11375 | D:9      | Found a shimmering altar of Xom.
 11375 | D:9      | Found an ornate altar of the Wu Jian Council.
 11596 | D:10     | Entered Level 10 of the Dungeon
 11862 | D:10     | Found a staircase to the Orcish Mines.
 11877 | D:10     | Reached skill level 12 in Polearms
 11890 | D:10     | Noticed Snorg
 11930 | D:9      | Reached ***** piety under Okawaru
 13077 | D:10     | Found a staircase to the Lair.
 14235 | D:10     | Slain by Snorg

Skill      XL: |  1  2  3  4  5  6  7  8  9 10 |
---------------+-------------------------------+-----
Fighting       | 4 5 6 7 |  7.6
Polearms       | 3 4 5 6 7 9 11 12 | 12.5
Armour         | 4 5 7 8 |  8.0
Shields        | 4 5 6 7 |  7.2
Stealth        | |  0.6

Action                   |  1- 3 |  4- 6 |  7- 9 | 10-12 || total
-------------------------+-------+-------+-------+-------++-------
Melee: Trident           |   139 |    40 |    65 |   298 ||   542
       Spear             |       |   258 |   664 |       ||   922
  Use: Scroll            |       |       |     9 |     2 ||    11
       Potion            |       |       |     2 |       ||     2
  Eat: Chunk             |     1 |     7 |    13 |     8 ||    29
       Ration            |       |     1 |     2 |     2 ||     5
Armor: Scale mail        |    40 |    47 |   158 |    95 ||   340
Dodge: Dodged            |    40 |    40 |    92 |    43 ||   215
Block: Shield            |    50 |    84 |   196 |   118 ||   448
